 Dungeon Crawl Stone Soup version 0.29.1-13-g9f3cf754e1 (webtiles) character file.

Game seed: 4849086513473546005

3038 booth the Fighter (level 9, -5/78 HPs)
             Began as a Gnoll Wanderer on Feb 5, 2023.
             Was an Initiate of Gozag.
             Slain by an orc warrior
             ... wielding a +0 mace
              (9 damage)
             ... on level 8 of the Dungeon.
             The game lasted 00:57:33 (7557 turns).

booth the Fighter (Gnoll Wanderer)                  Turns: 7557, Time: 00:57:33

Health: -5/78      AC:  7    Str: 14 (17) XL:     9   Next: 86%
Magic:  0/16       EV: 12    Int: 10 (12) God:    Gozag
Gold:   302        SH:  0    Dex:  8 (10) Spells: 11/17 levels left

rFire   + . .      SeeInvis .   a - +4 falchion
rCold   . . .      Faith    .   (no shield)
rNeg    + . .      Spirit   +   l - +1 leather armour {rF+}
rPois   .          Reflect  .   b - +0 helmet
rElec   .          Harm     .   (no cloak)
rCorr   +          Rampage  .   (no gloves)
Will    .....                   i - +0 pair of boots
Stlth   ++........              H - amulet of guardian spirit
HPRegen 0.23/turn               h - +4 ring of slaying
MPRegen 0.15/turn               E - ring of Trepidation {rN+ rCorr}

@: mighty, gold aura
A: fangs 1, strong nose, distributed training
a: Renounce Religion, Potion Petition, Call Merchant, Bribe Branch


You were on level 8 of the Dungeon.
You worshipped Gozag.
Gozag was aware of your devotion.
You visited 1 branch of the dungeon, and saw 8 of its levels.

You collected 1039 gold pieces.
You spent 737 gold pieces at shops.

Inventory:

Hand Weapons
 a - a +4 falchion (weapon)
 A - a +0 mace
 M - a +1 war axe of electrocution
Missiles
 d - 3 poisoned darts
 g - 5 atropa-tipped darts
 w - 7 boomerangs (quivered)
 x - 3 curare-tipped darts
 L - 3 javelins
Armour
 b - a +0 helmet (worn)
 i - a +0 pair of boots (worn)
 l - a +1 leather armour of fire resistance (worn)
 G - a +0 ring mail of cold resistance
Jewellery
 h - a +4 ring of slaying (left hand)
 p - a ring of protection from fire
 D - a +6 ring of intelligence
 E - the ring of Trepidation (right hand) {rN+ rCorr}
   (You bought it in a shop on level 6 of the Dungeon)

   [ring of positive energy]

   rN:        It protects you from negative energy.
   rCorr:     It protects you from acid and corrosion.
 H - an amulet of guardian spirit (around neck)
 K - an amulet of regeneration
Wands
 B - a wand of charming (3)
Scrolls
 e - a scroll of butterflies
 n - 5 scrolls of amnesia
 s - a scroll of silence
 t - a scroll of acquirement {unknown}
 u - 2 scrolls of fear
 v - 3 scrolls of enchant weapon
 y - a scroll of vulnerability {unknown}
 C - a scroll of blinking
 I - a scroll of identify
Potions
 c - 2 potions of attraction
 j - a potion of degeneration
 k - 2 potions of flight
 q - a potion of curing
 r - a potion of might
 z - a potion of berserk rage {unknown}
 F - a potion of brilliance {unknown}


   Skills:
 + Level 9.8 Fighting
 + Level 4.8 Short Blades
 + Level 6.7 Long Blades
 + Level 4.8 Axes
 + Level 5.5 Maces & Flails
 + Level 4.8 Polearms
 + Level 4.8 Staves
 + Level 4.8 Ranged Weapons
 + Level 8.2 Throwing
 + Level 4.8 Armour
 + Level 4.8 Dodging
 + Level 4.8 Stealth
 + Level 4.8 Shields
 + Level 4.8 Unarmed Combat
 + Level 4.8 Spellcasting
 + Level 4.0 Conjurations
 + Level 4.0 Hexes
 + Level 4.0 Summonings
 + Level 4.0 Necromancy
 + Level 4.0 Translocations
 + Level 4.0 Transmutations
 + Level 4.0 Fire Magic
 + Level 4.0 Ice Magic
 + Level 4.0 Air Magic
 + Level 4.0 Earth Magic
 + Level 4.0 Poison Magic
 + Level 5.3 Invocations
 + Level 4.8 Evocations


You had 11 spell levels left.
You knew the following spells:

 Your Spells              Type           Power      Damage    Failure   Level
a - Ignite Poison         Fire/Tmut/Pois 10%        N/A       17%         3
b - Wereblood             Tmut           10%        N/A       9%          2
c - Shock                 Conj/Air       40%        1d5       5%          1

Your spell library contained the following spells:

 Spells                   Type           Power      Damage    Failure   Level
 Sublimation of Blood     Necr           10%        N/A       9%          2
 Mephitic Cloud           Conj/Pois/Air  10%        N/A       17%         3
 Swiftness                Air            10%        N/A       17%         3
 Airstrike                Air            5%         2d(1-17)  50%         4
 Freezing Cloud           Conj/Ice/Air   5%         6-21      83%         5
 Summon Hydra             Summ           5%         N/A       100%        7


Dungeon Overview and Level Annotations

Branches:
Dungeon (8/15)             Temple (0/1) D:5
   Lair: D:8-11

Altars:
Cheibriados
Gozag
Nemelex Xobeh
Qazlal
Ru
Sif Muna
Wu Jian

Shops:
D:4 *   D:6 =[(

Annotations:
D:3 2 transporters


Innate Abilities, Weirdness & Mutations

You have very sharp teeth.
Your uncanny sense of smell can sniff out nearby items.
Your experience applies equally to all skills.


Message History

You hit the centaur. You bite the centaur.
The centaur is almost dead.
The centaur hits you. The centaur barely misses you.
The centaur hits you but does no damage.
The centaur kicks you but does no damage.
Something hits you. Something shocks you.
You hit the centaur but do no damage.
The centaur is almost dead.
The centaur barely misses you.
The centaur kicks you but does no damage.
Something hits you. Something shocks you.
You hit the centaur.
You kill the centaur!
The water moccasin misses you. Something hits you. Something shocks you.
The orc warrior hits you with a +0 mace.
Your Conjurations skill increases to level 4!
Your Hexes skill increases to level 4!
Your Summonings skill increases to level 4!
Your Necromancy skill increases to level 4!
Your Translocations skill increases to level 4!
Your Transmutations skill increases to level 4!
Your Fire Magic skill increases to level 4!
Your Ice Magic skill increases to level 4!
Your Air Magic skill increases to level 4!
Your Earth Magic skill increases to level 4!
Your Poison Magic skill increases to level 4!
You miss the water moccasin.
The water moccasin bites you but does no damage.
You barely miss the water moccasin. Something hits you. Something shocks you.
* * * LOW HITPOINT WARNING * * *
The water moccasin bites you.
* * * LOW HITPOINT WARNING * * *
The orc warrior hits you with a +0 mace!
* * * LOW HITPOINT WARNING * * *
It was a potion of might.
You feel very mighty all of a sudden. The water moccasin closely misses you.
Something hits you but does no damage.
The orc warrior hits you with a +0 mace!
You die...
Your body crumbles into a pile of gold.

## #..# .# .##
#.... ..##
..##.... ....
....... #....
#....#
#....####....##
......#.o.....#
#....S@#
.####...{####..
.......<.......
..#............
#.......S.$..
...............
...............
....####....$##
.... #.....#.#


You could see an orc warrior and a water moccasin.

Vanquished Creatures
  Pikel (D:8)
  Prince Ribbit (D:6)
  Sigmund (D:6)
  A steam dragon (D:7)
  A water moccasin (D:5)
  An orc warrior (D:7)
  2 sky beasts
  A black bear (D:7)
  An ice beast (D:7)
  4 ogres
  A centaur (D:8)
  A lemure (D:8)
  3 bullfrogs
  2 necrophages
  2 scorpions
  4 howler monkeys (D:7)
  A jelly (D:7)
  2 hounds
  2 iguanas
  2 orc priests
  4 orc wizards
  5 adders
  A gnoll (D:1)
  A shadow imp (D:6)
  3 white imps
  An ufetubus (D:7)
  2 worms (D:2)
  2 dart slugs
  24 orcs
  4 endoplasms
  2 giant cockroaches
  11 goblins
  8 hobgoblins
  15 jackals
  A kobold (D:2)
  3 quokkas (D:1)
  7 ball pythons
  6 bats
  3 frilled lizards (D:1)
  6 rats
143 creatures vanquished.

Notes
Turn   | Place    | Note
-------+----------+-------------------------------------------
     0 | D:1      | booth the Gnoll Wanderer began the quest for the Orb.
     0 | D:1      | booth set off with the following items: a +3 falchion, a +0
                  | mace, a potion of attraction, a +0 leather armour.
     0 | D:1      | Reached XP level 1. HP: 26/26 MP: 1/1
   332 | D:1      | Reached XP level 2. HP: 23/33 MP: 2/2
   740 | D:1      | Reached XP level 3. HP: 38/38 MP: 3/3
   825 | D:1      | Reached skill level 1 in Invocations
  1116 | D:2      | Reached skill level 1 in Short Blades
  1116 | D:2      | Reached skill level 1 in Axes
  1116 | D:2      | Reached skill level 1 in Polearms
  1116 | D:2      | Reached skill level 1 in Staves
  1116 | D:2      | Reached skill level 1 in Ranged Weapons
  1116 | D:2      | Reached skill level 1 in Armour
  1116 | D:2      | Reached skill level 1 in Dodging
  1116 | D:2      | Reached skill level 1 in Stealth
  1116 | D:2      | Reached skill level 1 in Shields
  1116 | D:2      | Reached skill level 1 in Unarmed Combat
  1116 | D:2      | Reached skill level 1 in Spellcasting
  1116 | D:2      | Reached skill level 1 in Evocations
  1129 | D:2      | Found a faded altar of an unknown god.
  1140 | D:2      | Prayed at the altar of an unknown god.
  1140 | D:2      | Became a worshipper of Gozag Ym Sagoz the Greedy
  1164 | D:2      | Found a stormy altar of Qazlal.
  1205 | D:2      | Reached XP level 4. HP: 40/45 MP: 5/5
  1376 | D:2      | Reached skill level 1 in Conjurations
  1376 | D:2      | Reached skill level 1 in Hexes
  1376 | D:2      | Reached skill level 1 in Summonings
  1376 | D:2      | Reached skill level 1 in Necromancy
  1376 | D:2      | Reached skill level 1 in Translocations
  1376 | D:2      | Reached skill level 1 in Transmutations
  1376 | D:2      | Reached skill level 1 in Fire Magic
  1376 | D:2      | Reached skill level 1 in Ice Magic
  1376 | D:2      | Reached skill level 1 in Air Magic
  1376 | D:2      | Reached skill level 1 in Earth Magic
  1376 | D:2      | Reached skill level 1 in Poison Magic
  1578 | D:2      | Noticed a scorpion
  2029 | D:3      | Found a transporter.
  2383 | D:3      | Found a transporter.
  2455 | D:3      | Found an ornate altar of the Wu Jian Council.
  2461 | D:3      | Noticed a spectral centipede
  2461 | D:3      | Noticed a spectral black mamba
  2461 | D:3      | Noticed a spectral cane toad
  2776 | D:4      | Reached XP level 5. HP: 42/51 MP: 7/7
  3126 | D:4      | Reached XP level 6. HP: 36/57 MP: 8/8
  3191 | D:4      | Reached skill level 5 in Long Blades
  3210 | D:4      | Found Vocigeri's Assorted Antiques.
  3218 | D:4      | Bought a scroll labelled FEMIDI ISSUAKE for 27 gold pieces
  3218 | D:4      | Bought a scroll of identify for 54 gold pieces
  3251 | D:5      | Entered Level 5 of the Dungeon
  3439 | D:5      | Reached XP level 7. HP: 32/63 MP: 10/10
  3894 | D:5      | Reached skill level 9 in Fighting
  4120 | D:5      | Found a staircase to the Ecumenical Temple.
  4267 | D:5      | Learned a level 3 spell: Ignite Poison
  4445 | D:6      | Noticed Prince Ribbit
  4473 | D:6      | Killed Prince Ribbit
  4474 | D:6      | Reached XP level 8. HP: 29/71 MP: 12/12
  4695 | D:6      | Noticed Sigmund
  4718 | D:6      | Killed Sigmund
  5137 | D:6      | Found Cegaeddi's Jewellery Boutique.
  5141 | D:6      | Bought the ring of Trepidation {rN+ rCorr} for 358 gold
                  | pieces
  5185 | D:6      | Learned a level 2 spell: Wereblood
  5263 | D:6      | Found a shimmering blue altar of Sif Muna.
  5300 | D:6      | Learned a level 1 spell: Shock
  5331 | D:6      | Found a sparkling altar of Nemelex Xobeh.
  5523 | D:6      | Found Vemu's Armour Shoppe.
  5549 | D:6      | Found Watemisk's Antique Weapon Emporium.
  5597 | D:6      | Bought a +1 leather armour of fire resistance for 168 gold
                  | pieces
  5728 | D:6      | Found a snail-covered altar of Cheibriados.
  5964 | D:7      | Reached XP level 9. HP: 46/77 MP: 7/15
  6099 | D:7      | Reached skill level 5 in Maces & Flails
  6892 | D:7      | Found a sacrificial altar of Ru.
  6980 | D:7      | You fall into a shaft and drop 1 floor!
  6982 | D:8      | Noticed a two-headed ogre
  7080 | D:6      | Bought a glowing war axe for 130 gold pieces
  7191 | D:8      | Noticed Pikel
  7216 | D:8      | Killed Pikel
  7217 | D:8      | Reached skill level 5 in Invocations
  7557 | D:8      | Slain by an orc warrior

Illustrated notes

Levels and vault maps discovered:
D:1:      dpeg_arrival_water_fire, layout_loops_ring
D:2:      layout_rooms, basic_altar,
          hellmonk_ecumenical_altar_pennies_from_heaven
D:3:      gammafunk_steamed_eel, layout_basic, pdpol_wu_jian_five_deadly_venoms
D:4:      layout_basic, serial_shops, shop
D:5:      layout_basic, minmay_temple_entry_statues_fountains,
          minmay_misc_feat_tower
D:6:      layout_basic, marbit_many_paths, mainiacjoe_overflow_six_doors_small,
          kennysheep_little_box, serial_shops, nicolae_take_the_stairs,
          kennysheep_mini, shop, serial_park_tiny_1, uniq_sigmund,
          uniq_prince_ribbit1
D:7:      layout_gridville, mainiacjoe_overflow_catwalk
D:8:      wad_guarded_room, layout_cave_pools, fedhas_altar_2, enter_bailey_5,
          nicolae_lava_and_water, uniq_pikel

Skill      XL: |  1  2  3  4  5  6  7  8  9 |
---------------+----------------------------+-----
Invocations    | 1 2 3 4 5 |  5.3
Short Blades   | 1 2 3 4 |  4.8
Axes           | 1 2 3 4 |  4.8
Polearms       | 1 2 3 4 |  4.8
Staves         | 1 2 3 4 |  4.8
Ranged Weapons | 1 2 3 4 |  4.8
Armour         | 1 2 3 4 |  4.8
Dodging        | 1 2 3 4 |  4.8
Stealth        | 1 2 3 4 |  4.8
Shields        | 1 2 3 4 |  4.8
Unarmed Combat | 1 2 3 4 |  4.8
Spellcasting   | 1 2 3 4 |  4.8
Evocations     | 1 2 3 4 |  4.8
Conjurations   | 1 2 3 4 |  4.0
Hexes          | 1 2 3 4 |  4.0
Summonings     | 1 2 3 4 |  4.0
Necromancy     | 1 2 3 4 |  4.0
Translocations | 1 2 3 4 |  4.0
Transmutations | 1 2 3 4 |  4.0
Fire Magic     | 1 2 3 4 |  4.0
Ice Magic      | 1 2 3 4 |  4.0
Air Magic      | 1 2 3 4 |  4.0
Earth Magic    | 1 2 3 4 |  4.0
Poison Magic   | 1 2 3 4 |  4.0
Maces & Flails | 3 4 5 |  5.5
Long Blades    | 5 6 |  6.7
Throwing       | 7 8 |  8.2
Fighting       | 9 |  9.8

Action                   |  1- 3 |  4- 6 |  7- 9 || total
-------------------------+-------+-------+-------++-------
Melee: Falchion          |    78 |   108 |   235 ||   421
       Bite              |     5 |     9 |    27 ||    41
       Punch             |       |     1 |     8 ||     9
Throw: Dart              |       |     2 |     2 ||     4
       Boomerang         |       |       |     7 ||     7
 Cast: Wereblood         |       |       |     1 ||     1
  Use: Scroll            |       |    10 |     3 ||    13
       Potion            |       |     3 |     7 ||    10
 Stab: Distracted        |       |     1 |     2 ||     3
       Invisible         |       |     1 |       ||     1
Armor: Leather armour    |    14 |    25 |    59 ||    98
Dodge: Dodged            |    28 |    42 |   136 ||   206
